 Dungeon Crawl Stone Soup version 0.25-a0-781-gc44aebf4fe (webtiles) character file.

Game seed: 6000195594008606994, levelgen mode: deterministic

15 Maedhros the Charlatan (level 2, 0/18 HPs)
             Began as an Octopode Artificer on Apr 15, 2020.
             Slain by a rat (2 damage)
             ... on level 1 of the Dungeon.
             The game lasted 00:00:17 (102 turns).

Maedhros the Charlatan (Octopode Artificer)          Turns: 102, Time: 00:00:18

Health: 0/18       AC:  1    Str: 11    XL:     2   Next: 50%
Magic:  4/4        EV: 13    Int: 13    God:
Gold:   14         SH:  0    Dex: 12    Spells: 1/1 levels left

rFire    . . .     SeeInvis .   a - +0 short sword
rCold    . . .     Gourm    .   (no shield)
rNeg     . . .     Faith    .   (helmet restricted)
rPois    .         Spirit   .   (no amulet)
rElec    .         Reflect  .   g - ring of stealth
rCorr    .         Harm     .   (no ring)
MR       .....                  (no ring)
Stlth    ++++......             (no ring)
HPRegen  0.06/turn              (no ring)
MPRegen  0.09/turn              (no ring)
                                (no ring)
                                (no ring)

@: no status effects
A: almost no armour, stealthy swim, amphibious, 8 rings, constrict 8, camouflage
1, gelatinous body 1
a: no special abilities


You were on level 1 of the Dungeon.
You were not hungry.

You visited 1 branch of the dungeon, and saw 1 of its levels.

You collected 14 gold pieces.

Inventory:

Hand Weapons
 a - a +0 short sword (weapon)
Jewellery
 g - a ring of stealth (left tentacle)
Wands
 b - a wand of flame (15)
 c - a wand of enslavement (15)
 d - a wand of random effects (15)
Scrolls
 e - 2 scrolls of remove curse {unknown}
Comestibles
 f - a ration


   Skills:
 - Level 1.0 Fighting
 - Level 1.0 Short Blades
 - Level 2.0 Dodging
 + Level 2.2 Stealth
 * Level 1.6 Unarmed Combat
 - Level 3.2 Evocations


You had one spell level left.
You didn't know any spells.
Your spell library was empty.

Dungeon Overview and Level Annotations

Branches:
Dungeon (1/15)

Altars:


Innate Abilities, Weirdness & Mutations

You cannot wear most types of armour.
You are very stealthy in the water. (Stealth+)
You are amphibious.
You can wear up to eight rings at the same time.
You can use your tentacles to constrict eight enemies at once.
Your skin changes colour to match your surroundings (Stealth+).
Your rubbery body absorbs attacks. (AC +1, EV +1)


Message History

You squeeze the jackal, but do no damage.
The jackal misses you. The jackal bites you.
* * * LOW HITPOINT WARNING * * *
You barely miss the jackal. Your grab misses the jackal. The jackal misses you.
You hit the jackal. You grab the jackal. You squeeze the jackal.
The jackal is heavily wounded.
You constrict the jackal. The jackal bites you.
* * * LOW HITPOINT WARNING * * *
A rat comes into view.
The jackal misses you.
You hit the jackal.
You kill the jackal!
Found a robe.
You swing at nothing.
You swing at nothing.
You barely miss the rat. You grab the rat. You squeeze the rat.
The rat is severely wounded.
You constrict the rat, but do no damage.
The rat bites you.
You die...

##........$....## ###
#...............# ..#
#........?......# ..###
#...............# .....
#...............# ..#
#.##...............# ..#
#........r........## ###
###........#r†...##
..#####.##..####@#####
........###.............
..#########....#..(.####
..### #..†..#....[#
....### #..†#.#.....#
.##...####†.##.#.......
.####....#.##.†#.......#
.. ####..######....####
.# ##.#


You could see a rat.

Vanquished Creatures
  A dart slug (D:1)
  7 jackals (D:1)
  A kobold (D:1)
  A frilled lizard (D:1)
  A rat (D:1)
11 creatures vanquished.

Notes
Turn   | Place    | Note
-------+----------+-------------------------------------------
     0 | D:1      | Maedhros the Octopode Artificer began the quest for the
                  | Orb.
     0 | D:1      | Reached XP level 1. HP: 13/13 MP: 3/3
    58 | D:1      | Reached skill level 1 in Unarmed Combat
    61 | D:1      | Reached XP level 2. HP: 13/18 MP: 4/4
   102 | D:1      | Slain by a rat

Levels and vault maps discovered:
D:1:      scummos_arrival_forest, layout_rooms, minmay_cut_off

Skill      XL: |  1 |
---------------+----+-----
Unarmed Combat | 1 |  1.6
Stealth        | 2 |  2.2
Fighting       | |  1.0
Short Blades   | |  1.0
Dodging        | |  2.0
Evocations     | |  3.2

Action                   || total
-------------------------++-------
Melee: Short sword       ||    31
       Constrict         ||     8
       Tentacles         ||     5
 Stab: Sleeping          ||     3
       Distracted        ||     1
Armor: Skin              ||     2
Dodge: Dodged            ||    23

Table legend:
 A = Non-vault XP
 B = Vault XP
 C = Vault XP percentage of total XP
 D = Non-vault monster count
 E = Vault monster count
 F = Vault count percentage of total count
                 A         B        C        D         E       F
            +---------+---------+-------+---------+---------+-------
      Total |      17 |       5 |  22.7 |       8 |       3 |  27.3
            +---------+---------+-------+---------+---------+-------
        D:1 |      17 |       5 |  22.7 |       8 |       3 |  27.3
            +---------+---------+-------+---------+---------+-------
